 Dungeon Crawl Stone Soup version 0.31-a0-198-g2ad674f65e (webtiles) character file.

Game seed: 16916349715587100211

148059 Gorgondantess the Stormcaller (level 17, -9/90 HPs)
             Began as a Tengu Air Elementalist on June 25, 2023.
             Was the Champion of Hepliaklqana.
             Mangled by a salamander
             ... wielding a +0 spear
              (15 damage)
             ... on level 3 of the Snake Pit on June 26, 2023.
             The game lasted 01:51:38 (39466 turns).

Gorgondantess the Stormcaller (TeAE)               Turns: 39466, Time: 01:51:39

Health: -9/90      AC: 15    Str:  9    XL:     17   Next: 48%
Magic:  8/34       EV: 25    Int: 22    God:    Hepliaklqana [******]
Gold:   909        SH:  0    Dex: 16    Spells: 17/41 levels left

rFire   . . .        a - staff of air
rCold   . . .        (no shield)
rNeg    . . .        R - +1 acid dragon scales
rPois   +            I - +2 hat
rElec   +            Z - scarf {+Inv}
rCorr   +            M - +2 pair of gloves
SInv    .            (boots unavailable)
Will    +....        l - amulet of magic regeneration
Stlth   ++++         c - ring of poison resistance
HPRegen 0.35/turn    H - +5 ring of evasion
MPRegen 0.64/turn

%: no passive effects
@: flying quickly and evasively, quick
A: reduced essence, beak, talons 3, nimble flight
a: Renounce Religion, Evoke Invisibility, Recall Ancestor, Ancestor Identity,
Transference, Idealise


You were on level 3 of the Snake Pit.
You worshipped Hepliaklqana.
Hepliaklqana was exalted by your worship.
You visited 5 branches of the dungeon, and saw 26 of its levels.
You also visited: Sewer, Gauntlet and Volcano.

You collected 2714 gold pieces.
You spent 1805 gold pieces at shops.

Inventory:

Hand Weapons
 b - a +7 heavy orcbow
 O - a +7 spectral falchion
 X - the +10 spear of Mourning {freeze, *Rage rElec Will+}
   (You found it on level 2 of the Lair of Beasts)

   rElec:     It insulates you from electricity.
   *Rage:     It berserks you when you make melee attacks (+20% chance).
   Will:      It increases your willpower.
Missiles
 u - 7 curare-tipped darts
 Q - 2 throwing nets
Armour
 I - a +2 hat (worn)
 M - a +2 pair of gloves (worn)
 R - +1 acid dragon scales (worn)
 Z - a scarf of invisibility (worn)
Magical Staves
 a - a staff of air (weapon)
Jewellery
 c - a ring of poison resistance (left hand)
 l - an amulet of magic regeneration (around neck)
 t - the ring "Teceusog" {rN+ Str+3 Dex+3}
   (You bought it in a shop on level 2 of the Orcish Mines)

   [ring of positive energy]

   Str:       It affects your strength (+3).
   Dex:       It affects your dexterity (+3).
   rN:        It protects you from negative energy.
 A - the ring of Fedhas's Hope {rF+ MP+9 Str+5 Int-5 Dex+4}
   (You found it on level 5 of the Lair of Beasts)

   [ring of protection from fire]

   Str:       It affects your strength (+5).
   Int:       It affects your intelligence (-5).
   Dex:       It affects your dexterity (+4).
   rF:        It protects you from fire.
   MP:        It affects your magic capacity (+9).
 H - a +5 ring of evasion (right hand)
 S - a +6 ring of intelligence
Wands
 e - a wand of iceblast (12)
 g - a wand of paralysis (12)
 z - a wand of digging (19)
 F - a wand of light (3)
 P - a wand of mindburst (12)
 T - a wand of flame (14)
Scrolls
 h - 7 scrolls of immolation
 i - 5 scrolls of silence
 j - 13 scrolls of teleportation
 m - 4 scrolls of vulnerability
 p - a scroll of blinking
 q - 2 scrolls of fog
 s - 2 scrolls of fear
 v - a scroll of amnesia
 y - 4 scrolls of poison
 Y - 2 scrolls of enchant armour
Potions
 f - a potion of cancellation
 k - 2 potions of brilliance
 n - 4 potions of ambrosia
 o - 9 potions of might
 r - 5 potions of heal wounds
 B - 8 potions of curing
 C - a potion of lignification
 D - 3 potions of resistance
 J - 3 potions of enlightenment
 K - 6 potions of invisibility
 U - a potion of berserk rage
 W - 2 potions of magic
Miscellaneous
 d - a lightning rod (4/4)
 V - a tin of tremorstones (2/2)


   Skills:
 + Level 9.9 Fighting
 - Level 4.0 Long Blades
 + Level 2.0 Staves
 - Level 7.0 Ranged Weapons
 - Level 9.7 Armour
 - Level 11.4 Dodging
 + Level 8.0 Stealth
 + Level 12.9 Spellcasting
 + Level 15.9 Conjurations
 - Level 1.0 Transmutations
 * Level 8.7 Fire Magic
 - Level 16.5 Air Magic
 - Level 1.0 Earth Magic
 - Level 5.4 Invocations
 + Level 4.0 Evocations


You had 17 spell levels left.
You knew the following spells:

 Your Spells              Type           Power      Damage    Failure   Level
b - Static Discharge      Conj/Air       100%       2-7/arc   0%          2
c - Passwall              Tmut/Erth      15%        N/A       7%          2
d - Airstrike             Air            46%        2d(7-23)  1%          4
e - Swiftness             Air            92%        N/A       1%          3
f - Orb of Destruction    Conj           35%        9d10      9%          7
g - Plasma Beam           Fire/Air       40%        2x1d54    5%          6

Your spell library contained the following spells:

 Spells                   Type           Power      Damage    Failure   Level
 Magic Dart               Conj           100%       1d8       0%          1
 Shock                    Conj/Air       100%       1d9       0%          1
 Searing Ray              Conj           100%       2d8       0%          2
 Foxfire                  Conj/Fire      100%       2x1d9     1%          1
 Kiss of Death            Conj/Necr      100%       2d13      1%          1
 Stone Arrow              Conj/Erth      100%       3d13      1%          3
 Fireball                 Conj/Fire      31%        3d13      1%          5
 Fulminant Prism          Conj/Hex       24%        3d12      2%          4
 Sandblast                Erth           36%        2d10      4%          1
 Irradiate                Conj/Tmut      25%        3d20      6%          5
 Starburst                Conj/Fire      31%        6d9       6%          6
 Apportation              Tloc           28%        N/A       7%          1
 Necrotise                Necr           56%        1d6       7%          1
 Slow                     Hex            56%        N/A       7%          1
 Summon Small Mammal      Summ           56%        N/A       7%          1
 Call Imp                 Summ           28%        N/A       11%         2
 Sublimation of Blood     Necr           14%        N/A       11%         2
 Call Canine Familiar     Summ           14%        N/A       21%         3
 Confusing Touch          Hex            14%        N/A       21%         3
 Summon Guardian Golem    Hex/Summ       14%        N/A       21%         3
 Vampiric Draining        Necr           14%        2d7       21%         3
 Petrify                  Tmut/Erth      18%        N/A       41%         4
 Animate Dead             Necr           14%        N/A       56%         4
 Cause Fear               Hex            7%         N/A       56%         4
 Dispel Undead            Necr           14%        3d10      56%         4
 Agony                    Necr           14%        N/A       88%         5
 Dragon Form              Tmut           9%         N/A       100%        7
 Haunt                    Necr/Summ      7%         N/A       100%        7
 Infestation              Necr           7%         N/A       100%        8
 Dragon's Call            Summ           7%         N/A       100%        9


Dungeon Overview and Level Annotations

Branches:
Dungeon (15/15)            Temple (1/1) D:7            Lair (5/5) D:11
  Swamp (0/4) Lair:2        Snake (3/4) Lair:3        Slime (0/5) Lair:5
    Orc (2/2) D:9             Elf (0/3) Orc:2        Vaults (0/5) D:14
 Depths (0/4) D:15          Sewer (visited)         Volcano (visited)
Gauntlet (visited)

Altars:
Ashenzari
Cheibriados
Dithmenos
Elyvilon
Fedhas
Gozag
Hepliaklqana
Kikubaaqudgha
Makhleb
Nemelex Xobeh
Okawaru
Qazlal
Ru
Sif Muna
Trog
Uskayaw
Vehumet
Wu Jian
Xom
Yredelemnul
Zin
The Shining One

Shops:
D:8 *   D:14 (   Orc:2 =*[(   Snake:1 (

Portals:
Hell: Lair:5


Innate Abilities, Weirdness & Mutations

Your life essence is reduced to manifest your ancestor. (-10% HP)
You have a beak for a mouth.
You have claws for feet.
Your magical nature lets you fly swiftly and evasively.


Message History

A salamander comes into view. It is wielding a +0 spear.
The salamander mystic hits Publia but does no damage.
Publia hits the salamander mystic with a +0 broad axe of flaming!
Publia barely misses the salamander.
The salamander mystic gestures at you while chanting.
Publia blocks the lance of force.
You don't have enough magic to cast this spell.
Unknown command.
Publia barely misses the salamander mystic.
The salamander barely misses you.
A salamander comes into view. It is wielding a +3 spear.
The salamander hits you from afar with a +0 spear!
You are engulfed in flames!
Unknown command.
The salamander hits you from afar with a +0 spear!
You are engulfed in flames!
A salamander comes into view. It is wielding a +0 trident.
You can't go up here!
Unknown command.
Publia barely misses the salamander mystic.
The salamander barely misses you.
The salamander hits you from afar with a +0 spear.
You are engulfed in flames!
The salamander completely misses you.
The salamander hits you from afar with a +0 spear!
* * * LOW HITPOINT WARNING * * *
You are engulfed in flames!
* * * LOW HITPOINT WARNING * * *
The salamander mystic points at you and mumbles some strange words.
The bolt of magma hits the salamander!
The salamander partially resists.
The bolt of magma misses you.
There is a stone staircase leading up here.
The salamander barely misses you.
The salamander mystic casts a spell at the salamander.
The salamander seems to speed up.
Publia blocks the salamander's attack.
Publia hits the salamander but does no damage.
Publia barely misses the salamander mystic.
The salamander hits you from afar with a +0 spear.
* * * LOW HITPOINT WARNING * * *
You are engulfed in flames!
You die...

#.....♣♣♣.#)###......♣♣♣ .
#..... ♣.#.###......♣♣♣ .♣
#.....♣♣♣...)..........♣ .♣♣
##......♣.#.###.......♣♣....
#........#.###.............
##..............÷..........
.........##~~......♣♣♣♣♣.
.........#~~~.....♣♣
............@.....♣
#######.~.N.....)...
#>N.........)..
#)R≈~~..........
#######N#≈≈~..........
#.......##≈≈...........
#.....N.###~....♣...
#......)# ##........
#.......# ....


You could see the friendly Publia the knight, a salamander mystic (strong) and 2
salamanders.

Vanquished Creatures
  Vashnia (Snake:1)
  Rupert (D:13)
  Mlioglotl (Snake:1)
  3 nagarajas
  2 orc warlords
  A dire elephant (D:15)
  Fannar (D:11)
  7 hydras
  6 two-headed ogres
  3 anacondas (Snake:2)
  8 centaur warriors
  A catoblepas (D:11)
  8 naga warriors
  A dancing weapon (D:14)
  4 death yaks
  4 tengu warriors
  2 boulder beetles
  2 shock serpents
  8 naga sharpshooters
  2 orc high priests (Orc:2)
  A fire crab (shapeshifter) (D:15)
  2 sixfirhies
  A fire crab (Gauntlet)
  2 skeletal warriors (Volcano)
  2 naga ritualists
  4 orc knights
  A wizard (Lair:5)
  3 anaconda skeletons (Volcano)
  2 deep elf pyromancers
  12 mana vipers
  5 orc sorcerers
  7 manticores
  6 ugly things
  4 oklob plants
  8 cyclopes
  A salamander (Snake:1)
  A moth of wrath (shapeshifter) (D:14)
  10 elephants
  A guardian serpent (Snake:3)
  18 black mambas
  12 cane toads
  5 naga magi
  2 torpor snails
  An orange demon (Lair:5)
  9 gargoyles
  An unseen horror (D:11)
  2 komodo dragons
  4 ice devils
  A kobold demonologist (D:11)
  6 rime drakes
  A komodo dragon (shapeshifter) (D:15)
  A red devil (Lair:5)
  3 polar bears
  3 trolls
  A hellwing (Lair:5)
  Prince Ribbit (D:6)
  3 meliai (D:13)
  A hornet (D:8)
  12 blink frogs
  A harpy skeleton (Volcano)
  A dream sheep (Lair:2)
  6 slime creatures
  3 flying skulls (Volcano)
  Sigmund (D:4)
  40 yaks
  A shadow (D:10)
  2 vampires
  2 wraiths (D:13)
  2 wyverns
  A centaur simulacrum (D:15)
  A steam dragon (D:8)
  4 fire bats (Gauntlet)
  7 basilisks
  7 vampire mosquitoes
  A swamp worm (Gauntlet)
  3 wargs
  A death yak simulacrum (Orc:1)
  20 nagas
  A harpy simulacrum (D:15)
  An acid dragon (shapeshifter) (D:13)
  4 hell hounds
  2 acid dragons
  16 water moccasins
  19 orc warriors
  A sky beast (D:6)
  An ice beast (D:6)
  A black bear (D:4)
  20 centaurs
  7 wolves
  6 ogres
  4 kobold brigands
  13 bullfrogs
  7 scorpions
  18 wights
  2 elephant simulacra
  2 troll skeletons (Volcano)
  2 spriggan skeletons (Volcano)
  7 howler monkeys
  2 electric eels (D:8)
  2 hounds
  2 jellies
  27 orc priests
  2 gnoll boudas (D:3)
  A sleepcap (D:5)
  4 iguanas
  26 orc wizards
  A spriggan simulacrum (Orc:1)
  A troll simulacrum (Orc:1)
  A wolf simulacrum (Orc:1)
  A naga skeleton (Volcano)
  8 gnolls (D:4)
  8 adders
  2 river rats (Sewer)
  A shadow imp (D:5)
  4 white imps
  5 ufetubi
  5 worms
  4 dart slugs
  65 orcs
  8 ball pythons
  12 endoplasms
  4 giant cockroaches
  7 goblins
  4 hobgoblins
  27 kobolds
  2 quokkas
  3 bats
  A frilled lizard (D:3)
  7 rats
711 creatures vanquished.

Vanquished Creatures (collateral kills)
  A minotaur (Gauntlet)
  6 hydras
  An anaconda (Snake:1)
  A death yak (Lair:2)
  A naga warrior (Snake:3)
  A two-headed ogre (D:12)
  A shock serpent (Snake:3)
  2 orc high priests
  A skyshark (Lair:2)
  A naga ritualist (Snake:2)
  3 ugly things
  7 mana vipers
  2 oklob plants (Lair:3)
  4 elephants
  A manticore (D:11)
  A slime creature (D:12)
  5 black mambas
  3 cane toads
  A guardian serpent (Snake:1)
  A kobold demonologist (D:11)
  2 rime drakes
  3 komodo dragons
  A tyrant leech (Lair:2)
  4 blink frogs (Lair:3)
  14 yaks
  A fire bat (Gauntlet)
  2 basilisks
  A death yak simulacrum (Orc:1)
  4 nagas
  4 hell hounds
  12 orc warriors (Orc:2)
  An ogre (Orc:2)
  A wolf (Lair:1)
  2 centaurs
  A kobold brigand (D:11)
  2 bullfrogs
  2 two-headed ogre simulacra
  A wight (D:10)
  A troll skeleton (Volcano)
  2 howler monkeys (D:10)
  An orc priest (Orc:2)
  5 orc wizards
  A troll simulacrum (Orc:1)
  A naga skeleton (Volcano)
  21 orcs
  A butterfly (Lair:2)
135 creatures vanquished.

Vanquished Creatures (others)
  A yak (D:11)
  27 knights
  A spectral weapon (Lair:5)
29 creatures vanquished.

Grand Total: 875 creatures vanquished

Notes
Turn   | Place    | Note
-------+----------+-------------------------------------------
     0 | D:1      | Gorgondantess the Tengu Air Elementalist began the quest
                  | for the Orb.
     0 | D:1      | Reached XP level 1. HP: 10/10 MP: 4/4
   258 | D:1      | Reached XP level 2. HP: 15/15 MP: 0/6
   624 | D:1      | Learned a level 2 spell: Static Discharge
  1238 | D:2      | Reached skill level 5 in Air Magic
  1250 | D:2      | Reached XP level 3. HP: 9/19 MP: 2/7
  2208 | D:2      | Learned a level 2 spell: Passwall
  2533 | D:3      | Reached XP level 4. HP: 24/24 MP: 5/8
  2763 | D:3      | Found a glowing drain.
  2778 | Sewer    | Entered a sewer
  3030 | Sewer    | Gained mutation: Your magical nature lets you fly swiftly
                  | and evasively. [Tengu growth]
  3030 | Sewer    | Reached XP level 5. HP: 26/28 MP: 10/10
  3095 | Sewer    | Reached skill level 1 in Transmutations
  3172 | Sewer    | Noticed a kobold brigand
  3184 | Sewer    | Killed a kobold brigand
  3185 | Sewer    | Reached skill level 6 in Air Magic
  3185 | Sewer    | Reached skill level 1 in Earth Magic
  3846 | D:3      | Reached XP level 6. HP: 11/32 MP: 0/11
  4746 | D:4      | Noticed a black bear
  4752 | D:4      | Killed a black bear
  4753 | D:4      | Reached skill level 7 in Air Magic
  4753 | D:4      | Reached XP level 7. HP: 36/36 MP: 6/13
  4817 | D:4      | You are sucked into a shaft and drop 1 floor!
  4817 | D:5      | Entered Level 5 of the Dungeon
  4838 | D:5      | Reached skill level 8 in Air Magic
  4917 | D:5      | Learned a level 4 spell: Airstrike
  5010 | D:4      | Noticed Sigmund
  5528 | D:4      | Reached skill level 9 in Air Magic
  5597 | D:4      | Found a broken altar of Ashenzari.
  6099 | D:5      | Reached skill level 10 in Air Magic
  6099 | D:5      | Reached XP level 8. HP: 41/41 MP: 10/15
  6752 | D:5      | HP: 2/41 [orc wizard/magic dart (5)]
  7226 | D:6      | Reached skill level 5 in Spellcasting
  7354 | D:6      | Reached skill level 11 in Air Magic
  7837 | D:6      | Reached XP level 9. HP: 25/45 MP: 10/18
  8069 | D:6      | Reached skill level 12 in Air Magic
  8525 | D:6      | Noticed Prince Ribbit
  8533 | D:6      | Killed Prince Ribbit
  8534 | D:6      | Reached skill level 1 in Fighting
  8534 | D:6      | Reached skill level 1 in Armour
  8752 | D:4      | Found a broken altar of Ashenzari.
  8912 | D:4      | Killed Sigmund
  9403 | D:7      | Found a staircase to the Ecumenical Temple.
  9409 | Temple   | Entered the Ecumenical Temple
  9458 | Temple   | Became a worshipper of Hepliaklqana the Forgotten
 10259 | D:8      | Found Xeopliop's General Store.
 10263 | D:8      | Bought a potion of curing for 42 gold pieces
 10263 | D:8      | Bought a scroll of identify for 28 gold pieces
 10263 | D:8      | Bought a potion of brilliance for 56 gold pieces
 10263 | D:8      | Bought a potion of invisibility for 112 gold pieces
 10510 | D:8      | Reached XP level 10. HP: 54/54 MP: 12/21
 11468 | D:8      | Reached * piety under Hepliaklqana
 11675 | D:9      | Found a staircase to the Orcish Mines.
 11739 | D:9      | Noticed a two-headed ogre
 11772 | D:9      | Killed a two-headed ogre
 11773 | D:9      | Reached skill level 5 in Dodging
 11773 | D:9      | Reached skill level 13 in Air Magic
 11976 | D:9      | Noticed a two-headed ogre
 11991 | D:9      | Killed a two-headed ogre
 11992 | D:9      | Reached skill level 5 in Stealth
 12586 | D:9      | Reached ** piety under Hepliaklqana
 12604 | D:9      | Remembered your ancestor Publia as a knight
 12763 | D:9      | Found an ornate altar of the Wu Jian Council.
 12777 | D:9      | HP: 2/52 [yak (11)]
 12786 | D:9      | Reached XP level 11. HP: 4/55 MP: 8/23
 13136 | Orc:1    | Entered Level 1 of the Orcish Mines
 13136 | Orc:1    | Noticed an orc high priest
 13136 | Orc:1    | Noticed a cyclops
 13141 | D:9      | Killed an orc high priest
 13142 | D:9      | Reached skill level 5 in Conjurations
 13154 | D:10     | Entered Level 10 of the Dungeon
 13182 | D:10     | Reached skill level 5 in Fighting
 13843 | Orc:1    | Killed a cyclops
 13913 | Orc:1    | Noticed an orc knight
 13921 | Orc:1    | Killed an orc knight
 14845 | D:10     | Noticed a two-headed ogre
 14851 | D:10     | Killed a two-headed ogre
 14852 | D:10     | Reached skill level 14 in Air Magic
 14954 | D:10     | Reached *** piety under Hepliaklqana
 15336 | D:11     | Noticed Fannar
 15344 | D:11     | Killed Fannar
 15579 | D:11     | Found a staircase to the Lair.
 15625 | D:11     | Noticed a catoblepas
 15654 | D:11     | Killed a catoblepas
 15655 | D:11     | Reached XP level 12. HP: 56/63 MP: 6/25
 15938 | D:11     | Noticed a two-headed ogre
 15945 | D:11     | Killed a two-headed ogre
 16017 | D:11     | Noticed a two-headed ogre
 16030 | D:11     | HP: 2/63 [gargoyle/stone arrow (29)]
 16048 | D:11     | Killed a two-headed ogre
 16566 | D:11     | Noticed a boulder beetle
 16743 | D:11     | Reached skill level 1 in Invocations
 16976 | D:11     | Reached skill level 15 in Air Magic
 17125 | D:11     | Identified the +5 scale mail of the Lute {Rampage +Inv
                  | Str+2}
 17164 | D:11     | Noticed a five-headed hydra
 17172 | D:11     | Killed a five-headed hydra
 17265 | D:11     | Noticed a centaur warrior
 17269 | D:11     | Killed a centaur warrior
 17450 | Lair:1   | Entered Level 1 of the Lair of Beasts
 17534 | Lair:1   | Reached **** piety under Hepliaklqana
 17660 | Lair:1   | Reached skill level 1 in Long Blades
 17819 | Lair:1   | Found a basalt altar of Yredelemnul.
 18396 | Lair:1   | Learned a level 3 spell: Swiftness
 18537 | Lair:1   | Reached XP level 13. HP: 70/70 MP: 27/27
 18732 | Lair:1   | Reached skill level 5 in Armour
 20195 | Lair:2   | You are sucked into a shaft and drop 2 floors!
 20219 | Lair:4   | Reached skill level 10 in Spellcasting
 20494 | Lair:4   | Reached skill level 1 in Ranged Weapons
 20752 | Lair:4   | Reached skill level 16 in Air Magic
 20861 | Lair:3   | Found a dark tunnel.
 20997 | Lair:3   | Reached ***** piety under Hepliaklqana
 21191 | Volcano  | Entered a volcano
 21672 | Volcano  | Identified the +1 pair of boots of Wunu {Str+5 Dex-5}
 21885 | Volcano  | Reached XP level 14. HP: 25/75 MP: 2/29
 22508 | Lair:2   | Identified the +10 spear of Mourning {freeze, *Rage rElec
                  | Will+}
 22574 | Lair:2   | Reached skill level 5 in Invocations
 22846 | Lair:2   | Found a staircase to the Swamp.
 23760 | Lair:3   | Found a staircase to the Snake Pit.
 24807 | Lair:4   | Got the Compendium of Creative Battling
 24816 | Lair:4   | Learned a level 7 spell: Orb of Destruction
 25244 | Lair:5   | Entered Level 5 of the Lair of Beasts
 25709 | Lair:5   | Found a burning altar of Makhleb.
 25722 | Lair:5   | Reached skill level 5 in Ranged Weapons
 26222 | Lair:5   | Found a gateway to Hell.
 26229 | Lair:5   | Identified the ring of Fedhas's Hope {rF+ MP+9 Str+5 Int-5
                  | Dex+4}
 26295 | Lair:5   | Reached skill level 10 in Conjurations
 26837 | Lair:5   | Reached XP level 15. HP: 58/81 MP: 6/31
 27300 | Lair:5   | Found a staircase to the Slime Pits.
 27945 | Orc:2    | Entered Level 2 of the Orcish Mines
 28051 | Orc:2    | Found a staircase to the Elven Halls.
 28153 | Orc:2    | Noticed an orc warlord
 28359 | Orc:2    | Killed an orc warlord
 28422 | Orc:1    | Noticed an orc warlord
 29172 | Orc:2    | Noticed an orc warlord
 29232 | Orc:1    | Killed an orc warlord
 29492 | Orc:2    | Reached skill level 10 in Dodging
 29806 | Orc:2    | Found Ablai's General Store.
 29807 | Orc:2    | Found Azxoabe's Jewellery Shop.
 29809 | Orc:2    | Found Feral's Antique Armour Boutique.
 29809 | Orc:2    | Found Doipamo's Antique Weapon Boutique.
 29824 | Orc:2    | Bought a scroll of identify for 28 gold pieces
 29824 | Orc:2    | Bought a scroll of identify for 28 gold pieces
 29827 | Orc:2    | Bought an amulet of magic regeneration for 420 gold pieces
 29827 | Orc:2    | Bought the ring "Teceusog" {rN+ Str+3 Dex+3} for 554 gold
                  | pieces
 29917 | Orc:2    | Bought an ancient executioner's axe for 375 gold pieces
 29917 | Orc:2    | Identified the +9 executioner's axe of Evolution {holy,
                  | *Corrode Int+4} (You bought it in a shop on level 2 of the
                  | Orcish Mines)
 29917 | Orc:2    | Bought a glowing orcbow for 162 gold pieces
 30106 | D:12     | Found a gate leading to a gauntlet.
 30127 | Gauntlet | Entered a Gauntlet
 30127 | Gauntlet | Found a transporter.
 30130 | Gauntlet | Found a transporter.
 30134 | Gauntlet | Found a transporter.
 30139 | Gauntlet | Found a transporter.
 30146 | Gauntlet | Found a transporter.
 30150 | Gauntlet | Found a transporter.
 30155 | Gauntlet | Found a transporter.
 30163 | Gauntlet | Found a transporter.
 30166 | Gauntlet | Found a transporter.
 30171 | Gauntlet | Found a transporter.
 30178 | Gauntlet | Found a transporter.
 30182 | Gauntlet | Found a transporter.
 30187 | Gauntlet | Found a transporter.
 30192 | Gauntlet | Noticed a balrug
 30194 | Gauntlet | Found a transporter.
 30565 | Gauntlet | Identified the +1 hat of Nenopec {Str+7}
 31242 | Gauntlet | Learned a level 6 spell: Plasma Beam
 31479 | D:12     | Reached skill level 1 in Fire Magic
 32388 | D:13     | Reached ****** piety under Hepliaklqana
 32454 | D:13     | Noticed Rupert
 32466 | D:13     | Killed Rupert
 32515 | D:13     | Reached XP level 16. HP: 75/86 MP: 33/33
 33181 | D:14     | Found Tymysch's Weapon Shop.
 33423 | D:14     | Found a gate to the Vaults.
 34278 | D:15     | Entered Level 15 of the Dungeon
 34344 | D:15     | Reached skill level 5 in Fire Magic
 34598 | D:15     | Reached skill level 15 in Conjurations
 34746 | D:15     | Found a staircase to the Depths.
 35034 | D:15     | Found a glowing golden altar of the Shining One.
 35034 | D:15     | Found a white marble altar of Elyvilon.
 35034 | D:15     | Found a glowing silver altar of Zin.
 35414 | D:11     | Reached skill level 1 in Evocations
 35492 | Snake:1  | Entered Level 1 of the Snake Pit
 35687 | Snake:1  | You are sucked into a shaft and drop 1 floor!
 35928 | Snake:2  | Noticed a nagaraja
 35934 | Snake:2  | Killed a nagaraja
 36050 | Snake:1  | Noticed Mlioglotl
 36231 | Snake:1  | Noticed a bone dragon
 36231 | Snake:1  | Killed Mlioglotl
 37157 | Snake:1  | Found a basalt altar of Yredelemnul.
 37290 | Snake:1  | Found Fejov's Antique Weapon Shoppe.
 37672 | Snake:2  | Noticed Vashnia
 37675 | Snake:2  | Reached XP level 17. HP: 56/90 MP: 22/34
 37822 | Snake:1  | Killed Vashnia
 39019 | Snake:3  | Reached skill level 1 in Staves
 39466 | Snake:3  | Mangled by a salamander

Illustrated notes

Levels and vault maps discovered:
D:1:      zelgadis_glass_arrival_small, layout_basic
D:2:      layout_loops_corners
D:3:      minmay_skewed_foursquare, layout_loops_corners, portal_sewer_entry_d
D:4:      layout_rooms, lemuel_round_altar, uniq_sigmund
D:5:      layout_loops_corners
D:6:      layout_basic, minmay_misc_feat_secret_circle, nicolae_hexahallways,
          uniq_prince_ribbit1
D:7:      layout_gridville, minmay_temple_entry_hall
D:8:      layout_rooms, serial_shops, nicolae_shop_hallway_stairs,
          kennysheep_dice
D:9:      layout_gridville, mainiacjoe_overflow_brackets, orc_0_dummy,
          dreamdust_mushroom_princess, grunt_decor_resistance
D:10:     layout_basic
D:11:     minmay_the_grid_triangle_9x9_rhombus_thin
          [minmay_the_grid_triangle_9x9_odd_lines,
          minmay_the_grid_triangle_9x9_prize_schism,
          minmay_the_grid_triangle_9x9_alien,
          minmay_the_grid_triangle_9x9_shrine], layout_irregular_city,
          lair_entry_dummy, uniq_fannar
D:12:     layout_irregular_city, gauntlet_entry_generic,
          chequers_serial_rivers_micro_d
D:13:     layout_irregular_city, uniq_rupert
D:14:     layout_stronghold, erik_vaults_1, serial_shops, nicolae_stop_n_shop_1,
          minmay_misc_feat_rugged, roderic_lattice_a, minivault_22
D:15:     hangedman_depths_entry_try_elsewhere_first, layout_irregular_city,
          good_gods_mini_temple
Temple:   mainiacjoe_temple_cubbyholes
Lair:1:   layout_gridlike, lemuel_centaur_altar, grunt_megastairs_3
Lair:2:   layout_loops_ring, palyth_hydra_swamp_entry,
          grunt_forest_large_clearings, lemuel_fruit_fields
Lair:3:   layout_regular_city, dummy_snake_entry, enter_volcano_3,
          serial_rivers, chequers_serial_rivers_micro_c,
          chequers_serial_rivers_small_3, chequers_serial_rivers_large_b,
          chequers_serial_rivers_micro_d, chequers_serial_rivers_room_a,
          dpeg_oklob_1
Lair:4:   dreamdust_isle_of_ice, layout_long_grid
Lair:5:   evil_forest, layout_hall_layers, minmay_slime_entry_oklob_open,
          infiniplex_staircase_pool_2, grunt_megastairs_2
Snake:1:  layout_chambers, basic_altar, serial_shops, nicolae_shop_behind_doors,
          drop_trap, uniq_mlioglotl
Snake:2:  layout_misc_corridors, uniq_vashnia
Snake:3:  layout_basic
Orc:1:    layout_diamond_mine, portal_ice_cave_entry_ice_simulacra
Orc:2:    st_orc_congregation, layout_caves, basic_altar,
          statue_in_the_mist_lemuel

Skill      XL: |  1  2  3  4  5  6  7  8  9 10 11 12 13 14 15 16 17 |
---------------+----------------------------------------------------+-----
Air Magic      | 5 6 7 10 11 12 13 14 15 16 | 16.5
Conjurations   | 2 3 4 7 8 12 14 15 | 15.9
Transmutations | 1 |  1.0
Spellcasting   | 3 4 5 6 7 8 9 10 11 12 | 12.9
Earth Magic    | 1 |  1.0
Fighting       | 2 4 6 7 8 9 |  9.9
Armour         | 3 4 6 7 8 9 |  9.7
Dodging        | 3 5 7 8 9 10 11 | 11.4
Stealth        | 3 5 6 7 8 |  8.0
Invocations    | 3 4 5 |  5.4
Long Blades    | 2 4 |  4.0
Ranged Weapons | 3 6 7 |  7.0
Fire Magic     | 3 7 8 |  8.7
Evocations     | 2 4 |  4.0
Staves         | 2 |  2.0

Action                     |  1- 3 |  4- 6 |  7- 9 | 10-12 | 13-15 | 16-18 || total
---------------------------+-------+-------+-------+-------+-------+-------++-------
  Melee: Dagger            |     4 |       |       |     1 |       |       ||     5
         Kick              |     6 |    15 |    20 |    16 |    70 |     6 ||   133
         Peck              |     5 |     6 |    10 |    12 |    41 |     5 ||    79
         Rapier            |    25 |    64 |    58 |    18 |       |       ||   165
         Falchion          |       |       |       |    35 |   175 |     9 ||   219
         Punch             |       |       |       |       |     3 |       ||     3
         Staff             |       |       |       |       |       |    12 ||    12
   Fire: Orcbow            |       |       |       |       |   297 |    76 ||   373
   Cast: Shock             |    51 |    68 |    40 |    22 |    17 |       ||   198
         Static Discharge  |     2 |    18 |    26 |    35 |    61 |     1 ||   143
         Airstrike         |       |       |    58 |   236 |   400 |    91 ||   785
         Swiftness         |       |       |       |       |     1 |       ||     1
         Orb of Destructio |       |       |       |       |    18 |    32 ||    50
         Plasma Beam       |       |       |       |       |     4 |    88 ||    92
 Invoke: Recall Ancestor   |       |       |       |     9 |    23 |    16 ||    48
         Ancestor Life: Kn |       |       |       |     1 |       |       ||     1
  Evoke: Wand              |       |       |       |       |     1 |     6 ||     7
         Tin of tremorston |       |       |       |       |       |     1 ||     1
    Use: Potion            |       |       |     2 |     1 |     4 |     1 ||     8
         Scroll            |       |       |     5 |     3 |    16 |     6 ||    30
   Stab: Sleeping          |       |     5 |     6 |     1 |     3 |       ||    15
         Distracted        |       |       |     1 |       |     4 |       ||     5
 Armour: Leather armour    |     8 |    13 |    11 |    25 |       |       ||    57
         Acid dragon scale |       |       |       |       |    70 |    28 ||    98
  Dodge: Dodged            |    23 |    48 |    47 |    90 |   400 |   158 ||   766

Table legend: (Time is in decaauts)
 A = Elapsed time spent in this place.
 B = Non-inter-level travel time spent in this place.
 C = Inter-level travel time spent in this place.
 D = Time resting spent in this place.
 E = Time spent auto-exploring this place.
 F = Levels seen in this place.
 G = Mean time per level.
                   A        B        C        D        E       F      G
               +--------+--------+--------+--------+--------+-----+--------+
         Total |  38075 |  36438 |   1637 |   6617 |  22686 |  29 | 1312.9 |
       Dungeon |  19500 |  18635 |    865 |   2321 |  13347 |  15 | 1300.0 |
        Temple |    316 |    270 |     46 |      0 |    260 |   1 |  316.0 |
          Lair |   9385 |   8958 |    427 |   1284 |   6069 |   5 | 1877.0 |
     Snake Pit |   3468 |   3327 |    141 |   1133 |   1540 |   3 | 1156.0 |
  Orcish Mines |   2830 |   2673 |    157 |    721 |   1179 |   2 | 1415.0 |
         Sewer |    502 |    502 |      0 |    150 |    184 |   1 |  502.0 |
       Volcano |    999 |    999 |      0 |    431 |    105 |   1 |  999.0 |
      Gauntlet |   1072 |   1072 |      0 |    574 |      0 |   1 | 1072.0 |
               +--------+--------+--------+--------+--------+-----+--------+

Top non-repeatable levels by time:
  Lair:5: 2497 daAuts
    D:11: 2345 daAuts
  Lair:1: 2143 daAuts
 Snake:1: 2041 daAuts
  Lair:3: 1936 daAuts
     D:9: 1780 daAuts
     D:6: 1611 daAuts
     D:5: 1609 daAuts
     D:3: 1604 daAuts
   Orc:2: 1548 daAuts
  Lair:2: 1499 daAuts
  Lair:4: 1309 daAuts
   Orc:1: 1282 daAuts
     D:8: 1241 daAuts
     D:1: 1183 daAuts
